AoeStats
← Flrancis

Hideout

508707397Analyzed
1v1 RM · 8d ago on Sep 23, 2026· 33m 16s· 2 players
Game mode
Random Map
Map size
Tiny (2 player)
Population
200
Speed
Normal
Resources
Standard
Victory
Conquest
Starting age
Dark Age
Ending age
Imperial Age
RankedLock teamsTeams togetherTeam positionsShared explorationLock speedFull tech treeHidden civsTurbo modeCheats
Victory
Defeat
🇮🇪 Burmese · Ireland
1019
+16
🇫🇷 Vietnamese · France
1013
-16
Flrancis
3:29 Loom
11:05 Feudal Age
14:38 Fletching
14:46 Double-Bit Axe
14:53 Gold Mining
15:25 Padded Archer Armor
16:41 Horse Collar
23:57 Castle Age
23:33 Forging
23:43 Scale Barding Armor
24:54 Husbandry
25:39 Bodkin Arrow
26:18 Thumb Ring
25:52 Crossbowman
27:57 Arson
28:13 Squires
29:14 Bloodlines
31:42 Wheelbarrow
31:09 Arson
31:26 Squires
31:32 Town Watch
33:58 Hand Cart
Silkbeard
9:11 Feudal Age
9:30 Man-at-Arms
17:12 Gold Mining
19:47 Castle Age
19:15 Loom
20:09 Elite Skirmisher
21:45 Bloodlines
21:36 Husbandry
22:18 Horse Collar
24:38 Scale Barding Armor
24:48 Fletching
27:49 Wheelbarrow
30:01 Hand Cart
30:02 Stone Mining
32:01 Chain Barding Armor
32:50 Forging
Connection lost

Rejoining the realm…

Still unreachable

The connection could not be restored.

Session expired

The server has moved on; the page needs a fresh start.